 Dungeon Crawl Stone Soup version 0.23-a0-171-g5ae17c6 (webtiles) character file.

72 Inarius the Skirmisher (level 4, -6/37 HPs)
             Began as a Mummy Fighter on Sept 14, 2018.
             Mangled by a gnoll (7 damage)
             ... on level 2 of the Dungeon.
             The game lasted 00:01:32 (882 turns).

Inarius the Skirmisher (Mummy Fighter)               Turns: 882, Time: 00:01:34

Health: -6/37      AC:  6    Str: 20    XL:     4   Next: 6%
Magic:  4/4        EV:  7    Int:  7    God:
Gold:   26         SH:  9    Dex: 11    Spells: 3/3 levels left

rFire    x . .     SeeInvis .   a - +0 long sword
rCold    + . .     Gourm    .   c - +0 shield
rNeg     + + +     Faith    .   b - +0 scale mail
rPois    ∞         Spirit   .   (no helmet)
rElec    .         Reflect  .   (no cloak)
rCorr    .         Harm     .   (no gloves)
MR       .....                  (no boots)
Stlth    ..........             (no amulet)
HPRegen  0.12/turn              (no ring)
MPRegen  0.09/turn              (no ring)

@: no status effects
A: no food or potions, fire vulnerability, cold resistance 1, negative energy
resistance 3, torment resistance, unbreathing
a: no special abilities


You were on level 2 of the Dungeon.
You were not hungry.

You visited 1 branch of the dungeon, and saw 2 of its levels.

You collected 26 gold pieces.

Inventory:

Hand Weapons
 a - a +0 long sword (weapon)
Armour
 b - a +0 scale mail (worn)
 c - a +0 shield (worn)
Scrolls
 d - a scroll of enchant armour {unknown}
 e - a scroll of identify {unknown}


   Skills:
 * Level 4.0 Fighting
 - Level 1.5 Long Blades
 + Level 2.7 Armour
 + Level 0.2 Dodging
 + Level 3.0 Shields


You had 3 spell levels left.
You didn't know any spells.
Your spell library was empty.

Dungeon Overview and Level Annotations

Branches:
Dungeon (2/15)

Altars:


Innate Abilities, Weirdness & Mutations

You do not eat or drink.
Your flesh is vulnerable to fire.
You are immune to poison.
Your flesh is cold resistant. (rC+)
You are immune to negative energy. (rN+++)
You are immune to unholy pain and torment.
You can survive without breathing.


Message History

The gnoll barely misses you.
The gnoll shouts!
You hit the gnoll.
The gnoll is lightly wounded.
The gnoll barely misses you.
You riposte.
You closely miss the gnoll.
The gnoll is lightly wounded.
You slash the gnoll!
The gnoll is severely wounded.
The gnoll hits you.
Your shield and scale mail prevent you from hitting the gnoll.
The gnoll is severely wounded.
The gnoll hits you but does no damage. You block the gnoll's attack.
You barely miss the gnoll.
The gnoll is severely wounded.
The gnoll barely misses you. The gnoll hits you.
* * * LOW HITPOINT WARNING * * *
The gnoll hits you from afar with a spear!
* * * LOW HITPOINT WARNING * * *
The gnoll hits you!
You die...

. ### .. #.. ..
#.# .# #(# .# .
#.####(###g#...#
# # #
#......@ggg....
#.#.
.#.####)#####.###
..#.#.##.# #.#
#.#....#.# #.#
..#.#.#..#####.#
...............#
......#...###..#
.....###.## #...#
......#.##
#......


You could see 4 gnolls.

Vanquished Creatures
  2 gnolls (D:2)
  2 adders
  3 dart slugs
  A leopard gecko (D:1)
  2 giant cockroaches (D:1)
  4 goblins (D:1)
  4 hobgoblins
  3 kobolds (D:1)
  A quokka (D:1)
  A ball python (D:2)
  3 bats
  2 frilled lizards
  2 rats (D:1)
30 creatures vanquished.

Notes
Turn   | Place    | Note
-------+----------+-------------------------------------------
     0 | D:1      | Inarius the Mummy Fighter began the quest for the Orb.
     0 | D:1      | Reached XP level 1. HP: 18/18 MP: 1/1
   143 | D:1      | Reached XP level 2. HP: 20/24 MP: 2/2
   614 | D:1      | Reached XP level 3. HP: 23/30 MP: 3/3
   854 | D:2      | Reached skill level 4 in Fighting
   868 | D:2      | Reached XP level 4. HP: 16/37 MP: 4/4
   882 | D:2      | HP: 1/37 [gnoll/spear (7)]
   882 | D:2      | Mangled by a gnoll

Vault maps used:
D:1:      lightli_arrival_lavapool
D:2:      st_stairs_1

Skill      XL: |  1  2  3 |
---------------+----------+-----
Fighting       | 4 |  4.0
Shields        | 3 |  3.0
Long Blades    | |  1.5
Armour         | |  2.7
Dodging        | |  0.2

Action                   |  1- 3 |  4- 6 || total
-------------------------+-------+-------++-------
Melee: Long sword        |    78 |     7 ||    85
Throw: Tomahawk          |     3 |       ||     3
Armor: Scale mail        |    41 |     2 ||    43
Dodge: Dodged            |    41 |     3 ||    44
Block: Shield            |    48 |     1 ||    49
       Rpst.: Long sword |    14 |     1 ||    15

Table legend:
 A = Non-vault XP
 B = Vault XP
 C = Vault XP percentage of total XP
 D = Non-vault monster count
 E = Vault monster count
 F = Vault count percentage of total count
                 A         B        C        D         E       F
            +---------+---------+-------+---------+---------+-------
      Total |     103 |       0 |   0.0 |      30 |       0 |   0.0
            +---------+---------+-------+---------+---------+-------
        D:1 |      47 |       0 |   0.0 |      20 |       0 |   0.0
        D:2 |      56 |       0 |   0.0 |      10 |       0 |   0.0
            +---------+---------+-------+---------+---------+-------
